[Event "*** Titled Tuesday Blitz"]
[Site "Chess.com"]
[Date "2020.12.29"]
[Round "4"]
[White "PenguinPacks"]
[Black "Tssunami"]
[Result "1-0"]
[WhiteElo "2467"]
[BlackElo "2308"]
[TimeControl "180+1"]
[EndTime "10:38:56 PST"]
[Termination "PenguinPacks won on time"]

1. e4 e6 2. d4 d5 3. Nc3 Nf6 4. e5 Nfd7 5. f4 c5 6. Nf3 Nc6 7. Be3 Be7 8. Qd2 a6 9. a3 b5 10. Ne2 b4 11. axb4 Nxb4 12. c3 Nc6 13. Ng3 a5 14. f5 cxd4 15. Nxd4 Ndxe5 16. Bb5 Bd7 17. fxe6 fxe6 18. O-O Bf6 19. Nh5 O-O 20. Nf4 Nxd4 21. Bxd7 Qxd7 22. Bxd4 Nc4 23. Qe2 Bxd4+ 24. cxd4 Rf6 25.
g3 Raf8 26. b3 Nd6 27. Rxa5 Ne4 28. Rc1 g5 29. Qg4 Kh8 30. Rxd5 Qf7 31. Rxg5 1-0

[Event "*** Titled Tuesday Blitz"]
[Site "Chess.com"]
[Date "2020.12.29"]
[Round "4"]
[White "Koalaskakistis"]
[Black "annacramling"]
[Result "0-1"]
[WhiteElo "2373"]
[BlackElo "2083"]
[TimeControl "180+1"]
[EndTime "10:38:56 PST"]
[Termination "annacramling won by checkmate"]

1. e4 c5 2. Nf3 Nc6 3. d4 cxd4 4. Nxd4 Nf6 5. Nc3 e6 6. Nxc6 bxc6 7. e5 Nd5 8. Ne4 Qa5+ 9. Bd2 Qc7 10. f4 f5 11. Nc3 Bc5 12. Nxd5 cxd5 13. Bd3 O-O 14. Qe2 Rb8 15. O-O-O Qb6 16. b3 a5 17. a4 Bb4 18. g4 Qd4 19. Kb1 Bxd2 20. Qxd2 Qxa4 21.
gxf5 exf5 22. Rhg1 Qc6 23. Ka2 a4 24. b4 Ba6 25.
Bxa6 Qxa6 26. Qxd5+ Kh8 27. Rd4 Rbc8 28. Qxd7 Rxc2+ 29.
Kb1 Rg2 30. Rxg2 Qf1+ 31. Ka2 Qxg2+ 32. Ka3 Qf3+ 33. Rd3 Qf1 34. e6 Qa1# 0-1

[Event "*** Titled Tuesday Blitz"]
[Site "Chess.com"]
[Date "2020.12.29"]
[Round "4"]
[White "TristanCalistri"]
[Black "Alonmindlin"]
[Result "0-1"]
[WhiteElo "2317"]
[BlackElo "2708"]
[TimeControl "180+1"]
[EndTime "10:38:57 PST"]
[Termination "Alonmindlin won by checkmate"]

1. e4 e5 2. Nf3 Nc6 3. Bc4 Nf6 4.
d3 Be7 5. O-O d6 6. a4 O-O 7. Re1 Be6 8. Nbd2 h6 9. c3 Re8 10. b4 Bf8 11. b5 Na5 12. Bxe6 Rxe6 13. c4 c5 14. Nf1 g6 15. Bd2 a6 16. Re2 Nh5 17. g3 Rf6 18. Nh4 Re6 19. Ng2 Nf6 20. Bc3 h5 21. Rb2 Bh6 22. Qe1 b6 23. Bxa5 bxa5 24.
b6 Nd7 25. Qxa5 Rb8 26. Qxa6 Rxb6 27. Rxb6 Nxb6 28. Nfe3 d5 29. cxd5 Nxd5 30. Qc4 Nb4 31. a5 Nxd3 32. a6 Nxf2 33. Kxf2 Qd2+ 34. Qe2 Rf6+ 35.
Nf4 Qd4 36. a7 Qxa1 37. Qb5 exf4 38. Qb8+ Kh7 39. a8=Q fxe3+ 40. Ke2 Qf1# 0-1

[Event "*** Titled Tuesday Blitz"]
[Site "Chess.com"]
[Date "2020.12.29"]
[Round "4"]
[White "Airquake"]
[Black "Oleksandr_Bortnyk"]
[Result "0-1"]
[WhiteElo "2560"]
[BlackElo "2924"]
[TimeControl "180+1"]
[EndTime "10:38:57 PST"]
[Termination "Oleksandr_Bortnyk won on time"]

1. e4 Nf6 2. e5 Nd5 3. d4 d6 4. exd6 exd6 5. Nf3 Be7 6. Bd3 O-O 7. O-O Nc6 8. c4 Nb6 9. d5 Ne5 10. Nxe5 dxe5 11.
Nc3 f5 12. Be2 Nd7 13. Re1 a6 14. Bf1 Bd6 15. Be3 f4 16. Bd2 Nf6 17. Qc2 Qe8 18.
Bd3 Qh5 19. Ne4 f3 20. Ng3 Qh4 21. gxf3 Ng4 22. fxg4 Rxf2 23. Bxh7+ Kh8 24. Kxf2 Qxh2+ 25. Kf3 e4+ 26. Nxe4 Qh3+ 27. Kf2 Bxg4 28. Rh1 Rf8+ 29. Bf5 Bh2 30. Bf4 Qf3+ 31. Ke1 Qxh1+ 32. Kd2 Bxf4+ 33.
Kc3 Qf3+ 34. Kb4 Bxf5 0-1

[Event "*** Titled Tuesday Blitz"]
[Site "Chess.com"]
[Date "2020.12.29"]
[Round "4"]
[White "catalin009"]
[Black "1g41-0"]
[Result "0-1"]
[WhiteElo "2411"]
[BlackElo "2620"]
[TimeControl "180+1"]
[EndTime "10:38:57 PST"]
[Termination "1g41-0 won by resignation"]

1. e4 e5 2. Nf3 Nc6 3. Bb5 a6 4. Ba4 d6 5. O-O Bd7 6. c3 g6 7. d4 Bg7 8. Bg5 f6 9. Be3 Nh6 10. b4 O-O 11. Bb3+ Kh8 12. h3 Nf7 13. Nbd2 f5 14. dxe5 Nfxe5 15. Nxe5 dxe5 16. exf5 gxf5 17. f4 e4 18. Rc1 Qe7 19. Nc4 Rfd8 20. Qh5 Qe8 21. Qh4 Be6 22. Bf2 Bxc4 23. Bxc4 e3 24. Be1 Ne7 25. Qg5 Qf8 26. Rf3 Ng6 27. Rxe3 Bh6 28. Qh5 Bxf4 29. Bf2 Bxe3 30. Bxe3 Qf6 31. Rf1 f4 32. Bc5 b6 33. Bd4 Rxd4 34. cxd4 Qxd4+ 35. Kh2 Qxc4 36. Qf5 Rf8 37. Qd7 Qxf1 0-1

[Event "*** Titled Tuesday Blitz"]
[Site "Chess.com"]
[Date "2020.12.29"]
[Round "4"]
[White "Sergienko_Sergey"]
[Black "SARGISMV"]
[Result "0-1"]
[WhiteElo "2307"]
[BlackElo "2465"]
[TimeControl "180+1"]
[EndTime "10:38:59 PST"]
[Termination "SARGISMV won by resignation"]

1. e4 e6 2. d4 d5 3. Nc3 Bb4 4. e5 c5 5. a3 Bxc3+ 6. bxc3 Ne7 7. h4 h6 8. h5 Qc7 9. Nf3 Bd7 10. a4 Nbc6 11.
Bf4 cxd4 12. cxd4 Nb4 13. Bd3 Nxd3+ 14. Qxd3 Rc8 15. O-O Qxc2 16. Qa3 Qc3 17. Qa2 O-O 18. Rab1 b6 19. Rb3 Qc4 20. Qa3 Nf5 21. Rc1 Qxa4 22.
Qxa4 Bxa4 23. Ra3 Rxc1+ 24. Bxc1 Rc8 25. Bd2 Rc4 26. Bc3 a5 27. g4 Bd1 28. Nd2 Bxg4 29. Nxc4 dxc4 30. Ra1 Ne7 31. Kg2 Bxh5 32. f3 Bg6 33. Kf2 Nd5 34. Be1 Bc2 35. Ke2 g5 36. Kd2 Bb3 37. Bf2 Kh7 38. Rh1 Kg6 39. Kc1 b5 40. Kb2 b4 41. Be1 a4 42. Rh2 a3+ 43. Ka1 c3 44. Re2 0-1

[Event "*** Titled Tuesday Blitz"]
[Site "Chess.com"]
[Date "2020.12.29"]
[Round "4"]
[White "midedu"]
[Black "Pantata007"]
[Result "1-0"]
[WhiteElo "2121"]
[BlackElo "2279"]
[TimeControl "180+1"]
[EndTime "10:38:59 PST"]
[Termination "midedu won on time"]

1. e4 e5 2. Nf3 Nc6 3. Bc4 Bc5 4. c3 Nf6 5. d3 O-O 6. O-O d6 7. Nbd2 a5 8. a4 Be6 9. Re1 Bxc4 10. Nxc4 h6 11.
Qb3 Qd7 12. Bd2 Rfe8 13. Rad1 Rab8 14. Bc1 Ba7 15. Be3 Bxe3 16. Nxe3 Ne7 17. Qc2 c6 18. d4 Ng6 19. dxe5 Nxe5 20. Nxe5 Rxe5 21. Nc4 Re6 22. Nxa5 Rbe8 23. f3 d5 24. Nb3 Qc7 25. Nc5 R6e7 26. e5 Rxe5 27. Rxe5 Rxe5 28. b4 Qe7 29.
Kf1 Nh5 30. Nd3 Re3 31. Qf2 g5 32. Re1 Rxe1+ 33. Qxe1 Qf6 34. Qe5 Qxe5 35. Nxe5 Nf4 36. a5 Ne6 37. Ke2 Kf8 38. Kd3 Ke7 39. g3 f6 40. Nxc6+ bxc6 41. a6 Nc7 42. a7 Kd6 43. c4 1-0

[Event "*** Titled Tuesday Blitz"]
[Site "Chess.com"]
[Date "2020.12.29"]
[Round "4"]
[White "mshuaau0"]
[Black "Everyfishknows"]
[Result "0-1"]
[WhiteElo "2210"]
[BlackElo "2403"]
[TimeControl "180+1"]
[EndTime "10:39:00 PST"]
[Termination "Everyfishknows won by resignation"]

1. e4 e5 2. Nf3 Nc6 3. Bc4 Nf6 4. d3 Bc5 5. Nc3 O-O 6. O-O d6 7. Bg5 h6 8. Be3 Bxe3 9. fxe3 Be6 10. Bb3 Bxb3 11.
axb3 d5 12. exd5 Nxd5 13. Qe1 Nxc3 14. bxc3 Qd6 15. b4 a6 16. Nh4 g6 17. Qg3 Kh7 18. d4 exd4 19. Qxd6 cxd6 20. exd4 Rac8 21. Rf6 Rcd8 22.
Raf1 Kg7 23. g3 Ne7 24. R6f3 Nd5 25. Rd3 Rc8 26. Rff3 Rc7 27. Ng2 Rfc8 28. Ne3 Nxc3 29. Kg2 b6 30. h4 a5 31. bxa5 bxa5 32. Nd1 Nxd1 33. Rxd1 Rxc2+ 34. Rf2 Rxf2+ 35. Kxf2 a4 36. Ra1 Ra8 37. Ra3 Kf6 38. Ke3 Ke6 39. Ke4 f5+ 40. Kd3 Kd5 41. Kc3 g5 42. hxg5 hxg5 43. Kd3 f4 44. gxf4 gxf4 45. Kc3 Ke4 46. Kc4 f3 47.
Ra1 a3 48. Re1+ Kf4 49. Kd3 a2 50. Ra1 Ra3+ 51. Kd2 Ke4 0-1

[Event "*** Titled Tuesday Blitz"]
[Site "Chess.com"]
[Date "2020.12.29"]
[Round "4"]
[White "Nadeev_Sergey"]
[Black "Savva09022009"]
[Result "1-0"]
[WhiteElo "2468"]
[BlackElo "2625"]
[TimeControl "180+1"]
[EndTime "10:39:02 PST"]
[Termination "Nadeev_Sergey won by checkmate"]

1. e4 c5 2. Nf3 d6 3. d4 cxd4 4.
Nxd4 Nf6 5. Nc3 Nc6 6. Bg5 e6 7. Qd2 h6 8. Bh4 Nxe4 9. Nxe4 Qxh4 10. Qe3 Qd8 11. O-O-O Be7 12. Bb5 Bd7 13. Qg3 O-O 14. Nxd6 Nxd4 15. Rxd4 Bxb5 16. Nf5 Bg5+ 17. f4 Qf6 18. fxg5 Qxf5 19. gxh6 Qg6 20. hxg7 Rfd8 21. Qh4 Kxg7 22. Rg4 Rd7 23. Rxg6+ fxg6 24. Rd1 Rc7 25.
Rd4 Rac8 26. Rd2 Rf8 27. Qd4+ Kg8 28. b3 Rcf7 29. Kb2 Bc6 30. Qg4 Kg7 31. Qxe6 Rf6 32.
Qe5 Kh7 33. Rd4 R8f7 34. Rh4+ Kg8 35. Qg5 Rf8 36. Qh6 Kf7 37. Qh7+ Ke6 38. Rd4 R8f7 39. Qh3+ Ke7 40. Qc8 Rf5 41. Qd8+ Ke6 42. Qd6# 1-0

[Event "*** Titled Tuesday Blitz"]
[Site "Chess.com"]
[Date "2020.12.29"]
[Round "4"]
[White "GM_LOADING"]
[Black "Witik"]
[Result "0-1"]
[WhiteElo "2497"]
[BlackElo "2715"]
[TimeControl "180+1"]
[EndTime "10:39:03 PST"]
[Termination "Witik won by resignation"]

1. d4 d5 2. c4 e6 3. Nc3 c6 4.
Nf3 dxc4 5. a4 Bb4 6. e4 Nf6 7. Qc2 b5 8. Bd2 a5 9. Be2 h6 10. O-O O-O 11. Rfd1 Ba6 12. Be3 Qc7 13. Ne5 Nbd7 14.
f4 Rac8 15. Bf3 bxa4 16. Nxa4 c5 17. Nxd7 Nxd7 18. d5 exd5 19. Rxd5 Nf6 20. Rdd1 Bb7 21. Nc3 Rfe8 22. e5 Bxf3 23. gxf3 Bxc3 24. Qxc3 Nh5 25. Qxc4 Qc6 26. Kf2 Rb8 27. Rd2 Rec8 28. Rad1 Rb4 29. Qc2 g6 30. Rd6 Qb5 31. e6 Rxb2 32. exf7+ Kf8 33.
Rd8+ Rxd8 34. Rxd8+ Kxf7 35. Rd7+ Ke8 0-1

[Event "*** Titled Tuesday Blitz"]
[Site "Chess.com"]
[Date "2020.12.29"]
[Round "4"]
[White "UCantHandleDenker"]
[Black "ferdipy"]
[Result "0-1"]
[WhiteElo "2567"]
[BlackElo "2190"]
[TimeControl "180+1"]
[EndTime "10:39:04 PST"]
[Termination "ferdipy won on time"]

1. Nf3 c5 2. g3 Nc6 3. Bg2 g6 4. O-O Bg7 5. d3 e5 6. Nbd2 Nge7 7. e4 O-O 8. c3 d6 9. a3 h6 10. b4 b6 11. Nb3 Be6 12. b5 Nb8 13. c4 f5 14.
exf5 gxf5 15. Nxe5 Bxe5 16. Bxa8 Bxa1 17. Nxa1 f4 18. Bxf4 d5 19. Bxh6 Rf6 20. Bg5 Rg6 21. Bxe7 Qxe7 22. Bxd5 Bxd5 23. cxd5 Nd7 24. Re1 Qf6 25. Qe2 Nf8 26. Nc2 Qc3 27. Ne3 Qxa3 28. Nc4 Qc3 29. d6 Qd4 30. Qe4 Re6 31. Qxe6+ Nxe6 32. Rxe6 Qxd3 33. Re8+ Kg7 34. Ne3 Kf7 35. Re7+ Kf8 36. Rd7 Ke8 37. Rxa7 Qxd6 38. h4 c4 39. Nxc4 Qd1+ 40. Kh2 Qe2 41. Nd6+ Kf8 42. Rf7+ Kg8 43. Rf6 Qe5 44. Rg6+ Kh7 45. Nf7 Qf5 46. Rh6+ Kg7 47. Rxb6 Qxf2+ 48. Kh3 Qxb6 49. Ng5 Qxb5 50. Kg4 Qc4+ 51.
Kh3 Qe2 52. g4 Qe3+ 53. Kg2 Kg6 54. Kh2 Qf2+ 55. Kh3 Qf4 0-1

[Event "*** Titled Tuesday Blitz"]
[Site "Chess.com"]
[Date "2020.12.29"]
[Round "4"]
[White "Das_Virus_2020"]
[Black "OrtizAnahi2001"]
[Result "0-1"]
[WhiteElo "2491"]
[BlackElo "2320"]
[TimeControl "180+1"]
[EndTime "10:39:05 PST"]
[Termination "OrtizAnahi2001 won on time"]

1. e4 e5 2. Bc4 Nf6 3. d3 Be7 4. Nf3 d6 5. h3 O-O 6. c3 c6 7. Bb3 Nbd7 8. O-O d5 9. exd5 cxd5 10. Re1 Qc7 11. Bg5 Bd6 12. Nbd2 h6 13. Bh4 Re8 14. Nf1 e4 15. dxe4 dxe4 16. Nd4 a6 17. Nf5 Be5 18.
Bg3 Nc5 19. Nd6 Bxg3 20. Nxe8 Bxf2+ 21. Kxf2 Nd3+ 22. Kg1 Qb6+ 23. Ne3 Nxe8 24. Re2 Nf4 25. Bxf7+ Kxf7 26. Qf1 g5 27. Kh1 Nf6 28. Ree1 Be6 29. Nc4 Qc7 30. Ne3 Rg8 31. Rad1 Nd3 32. Re2 h5 33. Rxd3 exd3 34. Rf2 Qe5 35. Qxd3 g4 36.
h4 g3 37. Rf3 Rg6 38. Qd1 Kg7 39. Qd3 Ng4 0-1

[Event "*** Titled Tuesday Blitz"]
[Site "Chess.com"]
[Date "2020.12.29"]
[Round "4"]
[White "barbara25"]
[Black "renehp"]
[Result "0-1"]
[WhiteElo "2272"]
[BlackElo "2445"]
[TimeControl "180+1"]
[EndTime "10:39:05 PST"]
[Termination "renehp won by resignation"]

1. e4 c5 2. Nf3 d6 3. d4 cxd4 4. Nxd4 Nf6 5. Nc3 a6 6. f3 Qb6 7. Nb3 e6 8. Qe2 Qc7 9. Be3 b5 10. O-O-O Nbd7 11. Qd2 b4 12. Ne2 Be7 13. Kb1 Bb7 14.
g4 d5 15. g5 Nh5 16. exd5 Bxd5 17. Ned4 a5 18. Bd3 a4 19. Nc1 b3 20. cxb3 axb3 21.
Ndxb3 O-O 22. Be4 Bxe4+ 23. fxe4 Ne5 24. Qc2 Qb7 25. Bd4 Rfc8 26. Qe2 Nf4 27. Qf2 Qxe4+ 28.
Ka1 Ned3 29. Qe3 Qxe3 30. Bxe3 Nxc1 31. Rxc1 Nd5 32. Bd2 Bb4 33. h4 Bxd2 34. Nxd2 e5 35. a3 f5 36. gxf6 gxf6 37. Ne4 f5 38. Nd6 Rxc1+ 39.
Rxc1 f4 40. Rg1+ Kf8 41. Re1 Ne3 42. Re2 Ke7 43. Ne4 Ke6 44. Ka2 Kf5 45. Ng5 h6 46.
Nh3 e4 47. b4 Nc4 48. Kb3 Rxa3+ 49. Kxc4 Rxh3 50. b5 Rd3 51. b6 Rd8 52. b7 f3 53. Rb2 Rb8 54. Kc3 Kf4 55. Kd2 e3+ 56. Ke1 Kg3 57. Kf1 e2+ 58. Ke1 Kg2 59. Rb1 f2+ 60. Kxe2 Rxb7 61. Rc1 Re7+ 0-1

[Event "*** Titled Tuesday Blitz"]
[Site "Chess.com"]
[Date "2020.12.29"]
[Round "4"]
[White "rpragchess"]
[Black "arctic_t00"]
[Result "1-0"]
[WhiteElo "2849"]
[BlackElo "2618"]
[TimeControl "180+1"]
[EndTime "10:39:06 PST"]
[Termination "rpragchess won on time"]

1. Nf3 Nf6 2. b3 g6 3. Bb2 Bg7 4. e3 O-O 5. d4 d6 6. Be2 a5 7. c4 a4 8. bxa4 c6 9. O-O Nbd7 10. Nc3 e5 11. Ba3 e4 12. Nd2 Qe7 13. Rb1 Re8 14.
Qc2 h5 15. Rbe1 h4 16. f3 exf3 17. Bxf3 c5 18. Nb5 Nf8 19. Nb3 Ne6 20. a5 h3 21.
g3 Rb8 22. Bd5 Bd7 23. Bxe6 Bxe6 24. dxc5 dxc5 25. Bxc5 Qd7 26. Rd1 Qc6 27. Rd6 Qc8 28.
N5d4 Ng4 29. Qe2 Bd7 30. Nb5 Bxb5 31. cxb5 Ne5 32. Bd4 Bf8 33. Rd5 Bg7 34. a6 Qe6 35.
Rc5 Red8 36. a7 Ra8 37. Rc7 1-0

[Event "*** Titled Tuesday Blitz"]
[Site "Chess.com"]
[Date "2020.12.29"]
[Round "4"]
[White "Legendinunknown"]
[Black "MikeSailer"]
[Result "0-1"]
[WhiteElo "2560"]
[BlackElo "2162"]
[TimeControl "180+1"]
[EndTime "10:39:06 PST"]
[Termination "MikeSailer won by checkmate"]

1. d4 d5 2. c4 Bf5 3. cxd5 Bxb1 4. Rxb1 Qxd5 5. b3 Nc6 6. Nf3 e5 7. Bb2 Bb4+ 8. Nd2 exd4 9. a3 Bxd2+ 10. Qxd2 O-O-O 11.
b4 Nf6 12. Rg1 Ne4 13. Qd3 Ne5 14. Qh3+ Kb8 15. f4 Nc4 16. Qd3 Rhe8 17. g3 Nxb2 18.
Rxb2 Nc3 19. Bg2 Qh5 20. Kf2 Re3 21. Qc4 Rde8 22. Bf3 Qxh2+ 23. Rg2 Nd1+ 24. Ke1 Qh1+ 25. Kd2 Rxf3 26. exf3 Qxg2+ 27. Kxd1 Qxb2 28. Qxf7 Qe2+ 29. Kc1 Qf1+ 30. Kb2 Re2+ 31. Kb3 Qd1+ 32. Kc4 Qc2+ 33. Kb5 a6+ 34. Ka5 b6+ 35. Kxa6 Qd3+ 36. b5 Qxa3# 0-1

[Event "*** Titled Tuesday Blitz"]
[Site "Chess.com"]
[Date "2020.12.29"]
[Round "4"]
[White "platy3"]
[Black "AlleyOoper"]
[Result "1-0"]
[WhiteElo "2843"]
[BlackElo "2613"]
[TimeControl "180+1"]
[EndTime "10:39:07 PST"]
[Termination "platy3 won by resignation"]

1. e4 e6 2. d4 d5 3. Nc3 Bb4 4. e5 c5 5. a3 Ba5 6. b4 cxd4 7.
Nb5 Bc7 8. f4 Bd7 9. Nf3 Bxb5 10. Bxb5+ Nc6 11. O-O Ne7 12. Bd3 Nf5 13. Qe1 Ne3 14. Rf2 Bb6 15. Bb2 Nc4 16. Bc1 Ne3 17. a4 a5 18. b5 Nb4 19. Bb2 Rc8 20. Rc1 Na2 21. Ra1 Nc3 22. Kh1 Ne4 23. Re2 Nc3 24.
Bxc3 dxc3 25. Rxe3 Bxe3 26. Qxe3 h6 27. f5 exf5 28.
Bxf5 Rc7 29. Rd1 O-O 30. Qf4 Rc4 31. Rd4 Qc7 32. Bd3 Rxd4 33. Qxd4 Re8 34. Qxd5 Rd8 35. Qe4 g6 36. e6 Kg7 37. exf7 Qxf7 38. Ne5 Qf6 39.
Qxb7+ Kg8 40. Bc4+ Kf8 41. Nd7+ Rxd7 42. Qxd7 Qf4 43.
Qf7+ Qxf7 44. Bxf7 Kxf7 45. b6 1-0

[Event "*** Titled Tuesday Blitz"]
[Site "Chess.com"]
[Date "2020.12.29"]
[Round "4"]
[White "Harsha_Bharathakoti"]
[Black "KhamzinOlzhas"]
[Result "1-0"]
[WhiteElo "2820"]
[BlackElo "2476"]
[TimeControl "180+1"]
[EndTime "10:39:07 PST"]
[Termination "Harsha_Bharathakoti won on time"]

1. c4 e5 2. g3 Nc6 3. Bg2 Nf6 4. Nc3 Bb4 5. Nd5 a5 6. Nf3 O-O 7. O-O Re8 8. d3 Be7 9. Nd2 d6 10. b3 Nd4 11. e3 Ne6 12. Bb2 c6 13. Nxe7+ Qxe7 14. a3 Nc5 15. Qc2 Bf5 16. e4 Bg4 17. h3 Be2 18. d4 Bxf1 19. Rxf1 exd4 20. Bxd4 Ne6 21. Bb2 Red8 22. Re1 Nc5 23. Qc3 Qe5 24. Qc2 Qe7 25. Nf3 Ncd7 26. Nh4 Ne5 27. Nf5 Qe6 28.
f4 Ng6 29. Qc3 d5 30. Nxg7 d4 31. Nxe6 dxc3 32. Nxd8 cxb2 33. Nxb7 Ra7 34. Nc5 Re7 35. Rb1 Nd7 36. Nd3 Ngf8 37. Rxb2 Ne6 38. b4 Nd4 39. bxa5 Nf6 40. e5 Nh5 41. Kf2 Ra7 42.
g4 Ng7 43. Ke3 1-0

[Event "*** Titled Tuesday Blitz"]
[Site "Chess.com"]
[Date "2020.12.29"]
[Round "4"]
[White "Jungle_Jaguar"]
[Black "Grandelicious"]
[Result "0-1"]
[WhiteElo "2621"]
[BlackElo "2858"]
[TimeControl "180+1"]
[EndTime "10:39:08 PST"]
[Termination "Grandelicious won by checkmate"]

1. e4 c6 2. d4 d5 3. e5 c5 4. dxc5 e6 5. a3 Bxc5 6. b4 Be7 7. Bb2 a5 8. b5 Nd7 9. Nf3 Nh6 10.
Nbd2 O-O 11. Bd3 f6 12. O-O Nf7 13. exf6 Bxf6 14. Bxf6 Qxf6 15. c4 Nc5 16. Bc2 a4 17. Re1 Bd7 18. Rb1 Rad8 19. cxd5 exd5 20. h3 Bf5 21. Rb4 Ne4 22. Nxe4 dxe4 23. Nd4 Ne5 24. Re3 Bg6 25. Qe1 Nd3 26. Bxd3 exd3 27. Nf3 Rc8 28. Qd1 Rc2 29. Rxa4 Qc3 30. Kh2 Rxf2 31. Rg4 Qc2 32. Qa1 R2xf3 33. Rxf3 Rxf3 34. Qe5 Rf8 35. Qd5+ Kh8 36.
Rd4 Qc7+ 37. Kh1 Rf1# 0-1

[Event "*** Titled Tuesday Blitz"]
[Site "Chess.com"]
[Date "2020.12.29"]
[Round "4"]
[White "Sadykov_Ramil"]
[Black "Beca95"]
[Result "0-1"]
[WhiteElo "2534"]
[BlackElo "2831"]
[TimeControl "180+1"]
[EndTime "10:39:08 PST"]
[Termination "Beca95 won by resignation"]

1. e4 Nc6 2. Nf3 e5 3. Bb5 a6 4. Bxc6 dxc6 5. Nc3 f6 6. d4 exd4 7. Qxd4 Qxd4 8. Nxd4 Bd7 9. Be3 O-O-O 10. O-O-O h5 11.
h4 Nh6 12. f3 Nf7 13. Nde2 Bd6 14. b3 c5 15. Nd5 b6 16. Bf4 Bxf4+ 17. Nexf4 Ne5 18.
Ne7+ Kb7 19. Neg6 Nxg6 20. Nxg6 Rhg8 21. Nf4 g6 22. c4 b5 23. Rd5 Bc6 24. Rxd8 Rxd8 25.
Ne6 Rd6 26. Nf4 Be8 27. Rd1 Bf7 28. Rxd6 cxd6 29. Nd5 Bxd5 30. exd5 g5 31. g3 Kb6 32. Kd2 Ka5 33. g4 gxh4 34. Ke3 hxg4 35. fxg4 bxc4 36. bxc4 Kb4 37. Ke4 h3 38. Kf3 Kxc4 39. Kg3 Kd3 40. Kxh3 c4 0-1

[Event "*** Titled Tuesday Blitz"]
[Site "Chess.com"]
[Date "2020.12.29"]
[Round "4"]
[White "imdvb6307"]
[Black "Nadtkins"]
[Result "1-0"]
[WhiteElo "2380"]
[BlackElo "2525"]
[TimeControl "180+1"]
[EndTime "10:39:08 PST"]
[Termination "imdvb6307 won on time"]

1. e4 d5 2. Nc3 d4 3. Nce2 e5 4. Ng3 Be6 5. Nf3 f6 6. Bb5+ c6 7. Ba4 h5 8. h3 h4 9. Nf1 Na6 10.
Bb3 Bxb3 11. axb3 d3 12. c3 Nc5 13. Ne3 Nxe4 14. O-O Bc5 15. Re1 Ne7 16. b4 Bb6 17. Qb3 Qd7 18. Qc4 Nd6 19. Qb3 e4 20. Nh2 f5 21. Nc4 Nxc4 22. Qxc4 Qd5 23. Qxd5 cxd5 24. b3 O-O-O 25. b5 g5 26. Ba3 Ng6 27. Bb4 Ne5 28.
Ba5 Kc7 29. Bxb6+ axb6 30. f3 Ra8 31. Kf2 Ra5 32. Nf1 Rha8 33. Rxa5 Rxa5 34. Ne3 Ra2 35. Rd1 Kd6 36. Nxf5+ Kc5 37. Nd4 Rb2 38. Ke3 Ng6 39. fxe4 dxe4 40. Kxe4 Nf4 41. Kf3 Ne6 42. Nxe6+ Kxb5 43. Nd4+ Kc5 44. Ke3 Kd5 45. Rf1 Ke5 46. Rf5+ Kd6 47.
Rxg5 b5 48. Rxb5 Kc7 49. Rh5 b6 50. b4 Rb1 51. Rxh4 Re1+ 52. Kxd3 1-0

[Event "*** Titled Tuesday Blitz"]
[Site "Chess.com"]
[Date "2020.12.29"]
[Round "4"]
[White "swisspower96"]
[Black "penguingm1"]
[Result "0-1"]
[WhiteElo "2663"]
[BlackElo "2938"]
[TimeControl "180+1"]
[EndTime "10:39:09 PST"]
[Termination "penguingm1 won by checkmate"]

1. d4 d5 2. c4 e6 3. Nf3 Nf6 4. Nc3 Be7 5. Bf4 O-O 6. e3 b6 7. Bd3 c5 8. O-O Bb7 9. dxc5 bxc5 10. cxd5 Nxd5 11. Nxd5 exd5 12. Rc1 Nd7 13. Qc2 Nf6 14. Rfd1 Qb6 15. Ne5 Rfd8 16. b3 a5 17. Be2 h6 18.
Bf3 Rac8 19. Qf5 a4 20. bxa4 Qa6 21. Rb1 Ba8 22. Qc2 Qe6 23. Be2 Bd6 24. Rb6 Rb8 25. Rdb1 Qe7 26. Rxb8 Bxb8 27. Ng6 fxg6 28. Bxb8 d4 29.
exd4 Rxd4 30. Bg3 Be4 31. Rb8+ Kh7 32. Qc1 Bxg2 33. Qe3 Be4 34. f3 Nd5 35. Qf2 Bf5 36. Bf1 Rd1 37. Rb2 Bh3 38. Re2 Ne3 39. Qxe3 Rxf1# 0-1

[Event "*** Titled Tuesday Blitz"]
[Site "Chess.com"]
[Date "2020.12.29"]
[Round "4"]
[White "pedromartinez91"]
[Black "PavlovDanila"]
[Result "0-1"]
[WhiteElo "2491"]
[BlackElo "2691"]
[TimeControl "180+1"]
[EndTime "10:39:09 PST"]
[Termination "PavlovDanila won by resignation"]

1. e4 e6 2. d4 d5 3. Nd2 Nc6 4. Ngf3 Nf6 5. Bd3 Nb4 6. e5 Nxd3+ 7. cxd3 Nd7 8. O-O b6 9. Re1 Bb7 10. Nf1 c5 11. Ng3 Rc8 12. Bg5 Be7 13. Bxe7 Qxe7 14. Qd2 O-O 15. Rac1 Ba6 16. a3 cxd4 17. Nxd4 Nc5 18.
Rc3 Na4 19. Rxc8 Rxc8 20. Rc1 Rxc1+ 21. Qxc1 Nc5 22. b4 Nxd3 23. Qc6 Qd8 24. Qd6 Qxd6 25.
exd6 Kf8 26. d7 Ke7 27. Nc6+ Kxd7 28. Nb8+ Kc7 29. Nxa6+ Kc6 30. a4 b5 31. axb5+ Kxb5 32.
Nc7+ Kxb4 33. Ne2 a5 34. Na6+ Kc4 35. Nb8 a4 36. Nc6 a3 37. Ncd4 Nb4 38. Nf3 a2 39. Ne5+ Kc5 40. g3 a1=Q+ 41. Kg2 Qxe5 42. Nf4 Qe4+ 0-1

[Event "*** Titled Tuesday Blitz"]
[Site "Chess.com"]
[Date "2020.12.29"]
[Round "4"]
[White "Walter_White_Poland"]
[Black "Alexandercs432"]
[Result "1-0"]
[WhiteElo "2326"]
[BlackElo "2199"]
[TimeControl "180+1"]
[EndTime "10:39:09 PST"]
[Termination "Walter_White_Poland won on time"]

1. e4 c5 2. Nf3 e6 3. d4 cxd4 4. Nxd4 Nc6 5. Nc3 Qc7 6. a3 a6 7.
Be3 Nf6 8. f4 b5 9. e5 Ng8 10.
Nxc6 dxc6 11. Bd3 c5 12. O-O Bb7 13. Be4 Ne7 14. Qf3 Bxe4 15. Nxe4 Nd5 16. f5 Qxe5 17. fxe6 Qxe6 18. Bxc5 O-O-O 19. Kh1 h5 20. Ng5 Qg4 21. Qxg4+ hxg4 22. Bxf8 Rhxf8 23. Nxf7 Rde8 24. Nd6+ Kd7 25. Nxe8 Rxe8 26. Rad1 Kc6 27. Rfe1 Rf8 28. Re6+ Kc5 29. Re5 Rd8 30. Kg1 a5 31. Kf2 a4 32. Kg3 Kc6 33. Rexd5 Rxd5 34. Rxd5 Kxd5 35. Kxg4 Kc4 36. Kf4 Kd4 37.
h4 g6 38. g4 Kd5 39. h5 gxh5 40. gxh5 Ke6 41. Ke4 1-0

[Event "*** Titled Tuesday Blitz"]
[Site "Chess.com"]
[Date "2020.12.29"]
[Round "4"]
[White "MikhailSher"]
[Black "chess4life23"]
[Result "0-1"]
[WhiteElo "2351"]
[BlackElo "2247"]
[TimeControl "180+1"]
[EndTime "10:39:09 PST"]
[Termination "chess4life23 won on time"]

1. d4 Nf6 2. Bf4 g6 3. e3 Bg7 4. Nf3 O-O 5. c3 d6 6. Nbd2 Nc6 7. h3 Nd7 8. Be2 e5 9. dxe5 dxe5 10. Bh2 Re8 11.
Nc4 e4 12. Nd4 Nce5 13. O-O a6 14. Qc2 Nxc4 15. Bxc4 Ne5 16. Be2 c5 17. Bxe5 Rxe5 18. Nb3 Qh4 19. Rfd1 Bxh3 20. Bf1 Bg4 21. g3 Bxd1 22.
Rxd1 Qe7 23. Bh3 Rd8 24. Re1 Red5 25. Bg2 f5 26. Qe2 Rd3 27. a4 b5 28. axb5 axb5 29.
Nc1 Rd2 30. Qxb5 Be5 31. Qc4+ Kg7 32. Nb3 R2d5 33. Bf1 Bd6 34. Na5 Qe6 35. Qb3 Rc8 36.
Bc4 f4 37. Bxd5 Qh3 38. Bxe4 fxg3 39. Bg2 gxf2+ 0-1

[Event "*** Titled Tuesday Blitz"]
[Site "Chess.com"]
[Date "2020.12.29"]
[Round "4"]
[White "kai_nov"]
[Black "TheKingDoctor"]
[Result "0-1"]
[WhiteElo "2368"]
[BlackElo "2209"]
[TimeControl "180+1"]
[EndTime "10:39:09 PST"]
[Termination "TheKingDoctor won on time"]

1. d4 d5 2. c4 c6 3. Nf3 Nf6 4. e3 Bf5 5. Nc3 e6 6. Nh4 Bg4 7. Qb3 Qb6 8. h3 Bh5 9. g4 Bg6 10. Nxg6 hxg6 11. g5 Nh5 12. h4 Nd7 13. Qc2 Be7 14. Bd2 Rc8 15. Bd3 Nf8 16. c5 Qd8 17. O-O-O b5 18. Kb1 a5 19. Nxb5 cxb5 20. Bxb5+ Nd7 21.
Qa4 Qc7 22. Bxa5 Qa7 23. Rc1 Bd8 24. Bxd8 Qxa4 25. Bxa4 Kxd8 26. b4 e5 27. Bxd7 Kxd7 28. dxe5 Ke6 29. Rhd1 Kxe5 30. Rd4 Rhd8 31. Rcd1 Rb8 32. a3 f6 33. e4 Nf4 34. exd5 Rxd5 0-1